 Dungeon Crawl Stone Soup version 0.26-a0-852-g6321bf7485 (webtiles) character file.

Game seed: 1276870525695661022

35 dickylongcocking the Conjurer (level 3, -1/26 HPs)
             Began as a Draconian Conjurer on Nov 21, 2020.
             Killed from afar by Sigmund (11 damage)
             ... with a puff of flame
             ... on level 2 of the Dungeon.
             The game lasted 00:01:43 (1577 turns).

dickylongcocking the Conjurer (Draconian Conjurer)  Turns: 1577, Time: 00:01:43

Health: -1/26      AC:  6    Str:  9    XL:     3   Next: 17%
Magic:  0/6        EV: 12    Int: 19    God:
Gold:   33         SH:  0    Dex:  9    Spells: 3/6 levels left

rFire    . . .     SeeInvis .   g - +0 spear
rCold    . . .     Faith    .   (no shield)
rNeg     . . .     Spirit   .   (armour unavailable)
rPois    .         Reflect  .   (helmet restricted)
rElec    .         Harm     .   f - +0 cloak
rCorr    .         Rampage  .   (no gloves)
MR       .....                  (no boots)
Stlth    +.........             (no amulet)
HPRegen  0.08/turn              (no ring)
MPRegen  0.10/turn              (no ring)

@: confused
A: unfitting armour, cold-blooded, AC +5
a: no special abilities


You were on level 2 of the Dungeon.
You visited 1 branch of the dungeon, and saw 2 of its levels.

You collected 33 gold pieces.

Inventory:

Hand Weapons
 c - a +0 mace
 g - a +0 spear (weapon)
Armour
 f - a +0 cloak (worn)
Scrolls
 a - a scroll of identify {unknown}
 d - a scroll of fog {unknown}
 e - a scroll of remove curse {unknown}


   Skills:
 - Level 1.7 Dodging
 - Level 1.7 Stealth
 - Level 2.0 Spellcasting
 * Level 5.1 Conjurations


You had 3 spell levels left.
You knew the following spells:

 Your Spells              Type           Power        Failure   Level
a - Magic Dart            Conj           ###.         1%          1
b - Searing Ray           Conj           ###...       3%          2

Your spell library contained the following spells:

 Spells                   Type           Power        Failure   Level
 Dazzling Flash           Conj/Hex       ##....       19%         3
 Fulminant Prism          Conj/Hex       ##........   52%         4
 Iskenderun's Mystic Bla  Conj/Tloc      ##......     52%         4


Dungeon Overview and Level Annotations

Branches:
Dungeon (2/15)

Altars:
Yredelemnul

Annotations:
D:2 Sigmund


Innate Abilities, Weirdness & Mutations

Your plain brown scales are hard. (AC +5)
You cannot fit into any form of body armour.
You are cold-blooded and may be slowed by cold attacks.


Message History

The magic dart hits you.
Casting: Magic Dart (safe; 1% risk of failure)
Confirm with . or Enter, or press ? or * to list all spells.
Press: ? - help, Shift-Dir - straight line The magic dart hits something but does no damage.
You are confused.
Unknown command.
Unknown command.
You aren't carrying any potions.
Unknown command.
You are more confused.
A puff of flame appears from out of thin air!
The puff of flame hits you.
You are more confused.
You bump into the rock wall.
Something tries to affect you, but you resist.
You bump into the rock wall.
A puff of flame appears from out of thin air!
The puff of flame hits you!
You die...

#. #.# #. #.# #.
#.# #. #.# #. #.#
######. #.#
..>....### #.#
.........########.#
########.{..@.....#
############


There were no monsters in sight!

Vanquished Creatures
  A worm (D:2)
  2 dart slugs
  A leopard gecko (D:2)
  4 bats
  A giant cockroach (D:2)
  5 goblins (D:1)
  2 hobgoblins (D:1)
  2 kobolds
  3 frilled lizards (D:1)
  7 rats
28 creatures vanquished.

Notes
Turn   | Place    | Note
-------+----------+-------------------------------------------
     0 | D:1      | dickylongcocking the Draconian Conjurer began the quest for
                  | the Orb.
     0 | D:1      | Reached XP level 1. HP: 14/14 MP: 3/3
   307 | D:1      | Reached XP level 2. HP: 20/20 MP: 1/5
  1238 | D:2      | Reached skill level 5 in Conjurations
  1238 | D:2      | Reached XP level 3. HP: 17/26 MP: 0/6
  1375 | D:2      | Found a basalt altar of Yredelemnul.
  1552 | D:2      | Noticed Sigmund
  1557 | D:2      | Learned a level 2 spell: Searing Ray
  1577 | D:2      | Killed from afar by Sigmund

Illustrated notes

Levels and vault maps discovered:
D:1:      saegor_arrival_miasma, layout_basic
D:2:      layout_loops_ring, kennysheep_ying_yang, overflow_temple_1_default,
          uniq_sigmund, uniq_jessica, uniq_robin

Skill      XL: |  1  2 |
---------------+-------+-----
Conjurations   | 5 |  5.1
Dodging        | |  1.7
Stealth        | |  1.7
Spellcasting   | |  2.0

Action                   || total
-------------------------++-------
Melee: Spear             ||    26
       Mace              ||     5
       Tailslap          ||     1
 Cast: Magic Dart        ||    52
       Searing Ray       ||     1
  Use: Potion            ||     1
Armor: Skin              ||     6
Dodge: Dodged            ||    15

Table legend: (Time is in decaauts)
 A = Elapsed time spent in this place.
 B = Non-inter-level travel time spent in this place.
 C = Inter-level travel time spent in this place.
 D = Time resting spent in this place.
 E = Time spent auto-exploring this place.
 F = Levels seen in this place.
 G = Mean time per level.
                   A        B        C        D        E       F      G
               +--------+--------+--------+--------+--------+-----+--------+
         Total |   1580 |   1505 |     75 |    115 |   1174 |   2 |  790.0 |
       Dungeon |   1580 |   1505 |     75 |    115 |   1174 |   2 |  790.0 |
               +--------+--------+--------+--------+--------+-----+--------+

Top non-repeatable levels by time:
     D:1: 1178 daAuts
     D:2: 401 daAuts
